 Dungeon Crawl Stone Soup version 0.26.1-11-gd32895ea62 (webtiles) character file.

Game seed: 15099190325835879052

694 nothank2 the Carver (level 7, 0/48 (51) HPs)
             Began as a Minotaur Fighter on June 22, 2021.
             Was an Initiate of Hepliaklqana.
             Slain by a +1 glaive of electrocution (6 damage)
             ... created by the rancor of the Wu Jian Council
             ... on level 5 of the Dungeon.
             The game lasted 00:10:16 (3656 turns).

nothank2 the Carver (Minotaur Fighter)              Turns: 3656, Time: 00:10:17

HP:   0/48 (51)     AC:  8    Str: 23    XL:     7   Next: 37%
MP:   7/7           EV:  7    Int:  5    God:    Hepliaklqana [......]
Gold: 301           SH:  9    Dex:  9    Spells: 6/6 levels left

rFire    . . .     SeeInvis +   a - +0 long sword
rCold    . . .     Faith    .   c - +0 kite shield
rNeg     . . .     Spirit   .   b - +0 scale mail
rPois    .         Reflect  .   (helmet restricted)
rElec    .         Harm     .   (no cloak)
rCorr    .         Rampage  .   (no gloves)
Will     .....                  g - +0 pair of boots
Stlth    +.........             (no amulet)
HPRegen  0.16/turn              j - ring of see invisible
MPRegen  0.10/turn              o - ring of stealth

@: drained
A: retaliatory headbutt, reduced essence, horns 2
a: Renounce Religion, Recall Ancestor, Ancestor Identity


You were on level 5 of the Dungeon.
You worshipped Hepliaklqana.
Hepliaklqana was noncommittal.
You visited 2 branches of the dungeon, and saw 6 of its levels.

You collected 301 gold pieces.

Inventory:

Hand Weapons
 a - a +0 long sword (weapon)
Missiles
 r - 90 stones (quivered)
Armour
 b - a +0 scale mail (worn)
 c - a +0 kite shield (worn)
 g - a +0 pair of boots (worn)
Jewellery
 j - a ring of see invisible (left hand)
 o - a ring of stealth (right hand)
Scrolls
 e - 4 scrolls of teleportation {unknown}
 h - a scroll of blinking {unknown}
 k - 2 scrolls of amnesia {unknown}
 l - 5 scrolls of identify {unknown}
 p - a scroll of enchant armour {unknown}
Potions
 d - 2 potions of might
 f - a potion of berserk rage {unknown}
 i - 4 potions of curing {unknown}
 m - 2 potions of flight {unknown}
 n - a potion of heal wounds {unknown}
 q - a potion of invisibility {unknown}
 s - a potion of degeneration {unknown}


   Skills:
 - Level 3.6 Fighting
 + Level 9.6 Long Blades
 - Level 0.1 Throwing
 - Level 3.6 Armour
 - Level 3.6 Shields
 * Level 1.9 Invocations


You had 6 spell levels left.
You didn't know any spells.
Your spell library contained the following spells:

 Spells                   Type           Power        Failure   Level
 Magic Dart               Conj           0%           99%         1
 Blink                    Tloc           N/A          100%        2
 Call Imp                 Summ           0%           100%        2
 Slow                     Hex            0%           100%        2
 Conjure Flame            Conj/Fire      0%           100%        3
 Mephitic Cloud           Conj/Pois/Air  0%           100%        3


Dungeon Overview and Level Annotations

Branches:
Dungeon (5/15)             Temple (1/1) D:4

Altars:
Cheibriados
Dithmenos
Elyvilon
Fedhas
Hepliaklqana
Makhleb
Nemelex Xobeh
Okawaru
Qazlal
Ru
Sif Muna
Uskayaw
Vehumet
Wu Jian
Xom
Yredelemnul
The Shining One


Innate Abilities, Weirdness & Mutations

You reflexively headbutt those who attack you in melee.
You have a pair of horns on your head.
Your life essence is reduced to manifest your ancestor. (-10% HP)


Message History

Rodica barely misses the +2 quarterstaff of freezing.
You block the +1 glaive of electrocution's attack.
You closely miss the +2 quarterstaff of freezing.
The +2 quarterstaff of freezing is moderately damaged.
The +0 dire flail of freezing hits you.
The +0 dire flail of freezing freezes you.
Rodica hits the +2 quarterstaff of freezing.
The +2 quarterstaff of freezing hits you!
The +2 quarterstaff of freezing freezes you.
* * * LOW HITPOINT WARNING * * *
You barely miss the +2 quarterstaff of freezing.
The +2 quarterstaff of freezing is moderately damaged.
You carefully extract the barbed spikes from your body.
Rodica hits the +2 quarterstaff of freezing.
The +0 dire flail of freezing hits you.
* * * LOW HITPOINT WARNING * * *
The +0 dire flail of freezing freezes you.
* * * LOW HITPOINT WARNING * * *
The +1 glaive of electrocution hits you from afar.
You die...

. ... . ... #.#. #.####
#.#.###.#.. ..........#
# #...#.#.####.#
#.......(....###
#.####........(......
#........#R#.@(...#
###.....#.#R#$.#
#..##.#..... ... ..
.#####..##.....#..# #
.......................
.##.###.#..###....#..###
.##.###.#..###....#...
.......................
.................###


You could see the friendly Rodica the ancestor and 3 dancing weapons.

Vanquished Creatures
  Grinder (D:4)
  3 dancing weapons (D:5)
  The ghost of Icepheonix32 the Ducker, an amateur SpVM (D:4)
  An ogre (D:5)
  A bullfrog (D:4)
  An orc wizard (D:3)
  Natasha (twice) (D:3)
  4 gnolls (D:4)
  5 adders
  A white imp (D:4)
  2 oozes
  A worm (D:3)
  4 leopard geckos
  4 orcs (D:3)
  3 bats
  5 giant cockroaches
  2 goblins
  8 hobgoblins
  3 jackals (D:2)
  A quokka (D:2)
  A ball python (D:1)
  4 frilled lizards
  7 rats
65 creatures vanquished.

Vanquished Creatures (collateral kills)
  A dancing weapon (D:5)
  A hound zombie (D:5)
2 creatures vanquished.

Vanquished Creatures (others)
  3 plants
3 creatures vanquished.

Grand Total: 70 creatures vanquished

Notes
Turn   | Place    | Note
-------+----------+-------------------------------------------
     0 | D:1      | nothank2 the Minotaur Fighter began the quest for the Orb.
     0 | D:1      | Reached XP level 1. HP: 19/19 MP: 0/0
    56 | D:1      | Reached skill level 3 in Long Blades
   127 | D:1      | Reached XP level 2. HP: 23/26 MP: 1/1
   310 | D:1      | Reached skill level 4 in Long Blades
   622 | D:2      | Found a burning altar of Makhleb.
   733 | D:2      | Found a shadowy altar of Dithmenos.
   740 | D:2      | Reached XP level 3. HP: 31/31 MP: 2/2
   826 | D:2      | Found a shimmering altar of Xom.
  1292 | D:3      | Reached skill level 5 in Long Blades
  1335 | D:3      | Found a blossoming altar of Fedhas.
  1598 | D:3      | Reached XP level 4. HP: 27/39 MP: 3/3
  1823 | D:3      | Noticed Natasha
  1835 | D:3      | Killed Natasha
  1836 | D:3      | Reached skill level 6 in Long Blades
  1949 | D:3      | Found a shimmering blue altar of Sif Muna.
  2028 | D:3      | Noticed Natasha
  2035 | D:3      | Killed Natasha
  2036 | D:3      | Reached XP level 5. HP: 45/45 MP: 4/4
  2170 | D:3      | Found a basalt altar of Yredelemnul.
  2260 | D:4      | Found a staircase to the Ecumenical Temple.
  2266 | Temple   | Entered the Ecumenical Temple
  2486 | Temple   | Became a worshipper of Nemelex Xobeh the Trickster
  2707 | D:4      | Noticed Grinder
  2717 | D:4      | Paralysed by Grinder for 6 turns
  2725 | D:4      | Killed Grinder
  2726 | D:4      | Reached skill level 8 in Long Blades
  2726 | D:4      | Reached XP level 6. HP: 42/51 MP: 5/5
  2819 | D:4      | Found an ornate altar of the Wu Jian Council.
  2825 | D:4      | Found a hazy altar of Hepliaklqana.
  2913 | D:4      | Fell from the grace of Nemelex Xobeh
  2913 | D:4      | Became a worshipper of Hepliaklqana the Forgotten
  2941 | D:4      | Found a runed translucent door.
  3230 | D:4      | Noticed Icepheonix32's ghost (amateur SpVM)
  3238 | D:4      | Reached skill level 1 in Invocations
  3255 | D:4      | Killed Icepheonix32's ghost
  3256 | D:4      | Reached skill level 9 in Long Blades
  3256 | D:4      | Reached XP level 7. HP: 27/51 MP: 5/7
  3447 | D:5      | Entered Level 5 of the Dungeon
  3596 | D:5      | Noticed a +4 vorpal rapier
  3596 | D:5      | Noticed a +4 rapier of freezing
  3596 | D:5      | Noticed a +3 rapier of flaming
  3596 | D:5      | Killed a +4 vorpal rapier
  3602 | D:5      | Killed a +3 rapier of flaming
  3604 | D:5      | Killed a +4 rapier of freezing
  3652 | D:5      | Noticed a +4 dire flail of flaming
  3652 | D:5      | Noticed a +1 glaive of electrocution
  3652 | D:5      | Noticed a +0 dire flail of freezing
  3652 | D:5      | Noticed a +2 quarterstaff of freezing
  3652 | D:5      | Killed a +4 dire flail of flaming
  3656 | D:5      | Slain by a +1 glaive of electrocution

Illustrated notes

Levels and vault maps discovered:
D:1:      eino_arrival_cavern_b, layout_rooms, serial_forest,
          infiniplex_forest_straight_4, infiniplex_forest_lined_corner,
          infiniplex_forest_clump_curved, infiniplex_forest_clump_large
D:2:      layout_rooms, nicolae_overflow_hidden_temple,
          grunt_dithmenos_smoke_and_mirrors, xom_teletrap_fun
D:3:      layout_basic, lemuel_crystal_altar, lemuel_round_altar,
          lemuel_crystal_altar, uniq_natasha
D:4:      layout_loops_ring, grunt_temple_overflow_open,
          minmay_temple_entry_wispy, ebering_ghost_sewer_d, uniq_grinder
D:5:      layout_basic, uniq_duvessa
Temple:   cyrus_temple_forest

Skill      XL: |  1  2  3  4  5  6 |
---------------+-------------------+-----
Long Blades    | 3 4 5 6 8 9 |  9.6
Invocations    | 1 |  1.9
Fighting       | |  3.6
Throwing       | |  0.1
Armour         | |  3.6
Shields        | |  3.6

Action                   |  1- 3 |  4- 6 |  7- 9 || total
-------------------------+-------+-------+-------++-------
Melee: Long sword        |    92 |    82 |    21 ||   195
       Headbutt          |     7 |    17 |     3 ||    27
Throw: Stone             |       |     2 |       ||     2
 Stab: Distracted        |       |     1 |       ||     1
Armor: Scale mail        |    45 |    20 |     4 ||    69
Dodge: Dodged            |    23 |    14 |     2 ||    39
Block: Kite shield       |    53 |    34 |     4 ||    91
       Rpst.: Long sword |     8 |     1 |     1 ||    10
